 Dungeon Crawl Stone Soup version 0.31-a0-971-g75a2e9a4b4 (webtiles) character file.

Game seed: 13839629900849400047

109 timneilson the Changeling (level 4, -4/25 HPs)
             Began as a Deep Elf Shapeshifter on Oct 28, 2023.
             Slain by a gnoll sergeant
             ... wielding a +0 spear
              (7 damage)
             ... on level 3 of the Dungeon.
             The game lasted 00:08:02 (1434 turns).

timneilson the Changeling (Deep Elf Shapeshifter)   Turns: 1434, Time: 00:08:04

Health: -4/25      AC:  4    Str: 13    XL:     4   Next: 60%
Magic:  8/8        EV: 12    Int: 15    God:
Gold:   115        SH:  0    Dex: 17    Spells: 5/5 levels left

rFire   . .          .
                       - Unarmed
rCold   . . .        (no shield)
rNeg    . . .        h - +1 leather armour of Silazus {*Slow Regen+ Dex+3 Slay+4}
rPois   .            (helmet currently unavailable)
rElec   .            (cloak currently unavailable)
rCorr   .            (gloves currently unavailable)
SInv    .            (boots currently unavailable)
Will    +....        (no amulet)
Stlth   ++           n - ring of willpower
HPRegen 1.04/turn    (no ring)
MPRegen 0.11/turn

%: slow self (1%)
@: beast-form, slowed, very slow
A: beast (slay +2)
a: Begin Untransformation


You were on level 3 of the Dungeon.
You were a hulking beast.
You visited 1 branch of the dungeon, and saw 3 of its levels.

You collected 115 gold pieces.

Inventory:

Armour
 h - the +1 leather armour of Silazus (worn) {*Slow Regen+ Dex+3 Slay+4}
   (You found it on level 2 of the Dungeon)

   Dex+3:     It affects your dexterity (+3).
   Slay+4:    It affects your accuracy & damage with ranged weapons and melee
   (+4).
   Regen+:    It increases your rate of health regeneration.
   *Slow:     It may slow you when you take damage.
 j - a +0 chain mail
Jewellery
 n - a ring of willpower (left hand)
Talismans
 c - a beast talisman
 d - a flux talisman
Scrolls
 a - a scroll of teleportation {unknown}
 f - a scroll of identify
 k - a scroll of enchant weapon
Potions
 b - a potion of lignification
 e - a potion of enlightenment
 g - a potion of brilliance
 l - 3 potions of mutation


   Skills:
 * Level 1.6 Fighting
 + Level 0.9 Armour
 + Level 3.0 Dodging
 + Level 1.3 Stealth
 * Level 3.0 Unarmed Combat
 + Level 1.4 Spellcasting
 * Level 3.7 Shapeshifting


You had 5 spell levels left.
You didn't know any spells.
Your spell library contained the following spells:

 Spells                   Type           Power      Damage    Failure   Level
 Vhi's Electric Charge    Tloc/Air       2%         N/A       96%         4
 Arcjolt                  Conj/Air       0%         1d10      100%        5
 Maxwell's Capacitive Co  Air            0%         ∞         100%        8


Dungeon Overview and Level Annotations

Branches:
Dungeon (3/15)

Altars:


Message History

a +0 halberd; a gnoll corpse The gnoll sergeant hits you with a +0 spear!
You hit the gnoll sergeant but do no damage.
The gnoll sergeant hits you with a +0 spear.
You hit the gnoll sergeant.
The gnoll sergeant is moderately wounded.
The gnoll sergeant closely misses you.
You hit the gnoll sergeant.
The gnoll sergeant is moderately wounded.
The gnoll sergeant barely misses you.
You hit the gnoll sergeant but do no damage.
The gnoll sergeant is moderately wounded.
The gnoll sergeant closely misses you.
You barely miss the gnoll sergeant.
The gnoll sergeant is moderately wounded.
The gnoll sergeant closely misses you.
You hit the gnoll sergeant but do no damage.
The gnoll sergeant is moderately wounded.
The gnoll sergeant hits you with a +0 spear.
The gnoll hits you from afar with a +0 spear.
You feel yourself slow down.
A sleepcap comes into view.
You feel better.
The gnoll sergeant hits you with a +0 spear.
The gnoll hits you but does no damage.
You hit the gnoll sergeant.
The gnoll sergeant is moderately wounded.
The gnoll sergeant barely misses you.
The gnoll hits you from afar with a +0 spear.
The gnoll sergeant barely misses you. The gnoll completely misses you.
You hit the gnoll sergeant.
The gnoll sergeant is heavily wounded.
The gnoll sergeant hits you with a +0 spear!
Ouch! That really hurt!
* * * LOW HITPOINT WARNING * * *
The gnoll barely misses you.
You hit the gnoll sergeant.
The gnoll sergeant is heavily wounded.
The gnoll sergeant hits you with a +0 spear!
You die...

#........$.# #..........#
#..........# #..........#
#..(.....# #####
##....<...## ###...#
#..........# ##...#.#
...........#######..###.#
...........#.fggh....[..#
.............####.#####.#
#....[............####.[#
##..........#.......#...#
..(.........#.#####.#.#.#
.##.........#.#
#....<######
.............#
#............
............###
#...~.#######
.#..........# #.~.~.#


You could see a sleepcap, a gnoll sergeant and a gnoll.

Vanquished Creatures
  An orc priest (D:3)
  3 gnolls
  4 ball pythons
  3 endoplasms
  A giant cockroach (D:2)
  3 goblins
  A hobgoblin (D:3)
  7 jackals (D:1)
  4 quokkas
  6 bats
  2 frilled lizards (D:2)
  3 kobolds
  14 rats
52 creatures vanquished.

Notes
Turn   | Place    | Note
-------+----------+-------------------------------------------
     0 | D:1      | timneilson the Deep Elf Shapeshifter began the quest for
                  | the Orb.
     0 | D:1      | Reached XP level 1. HP: 11/11 MP: 3/3
   107 | D:1      | Reached skill level 1 in Fighting
   160 | D:1      | Reached XP level 2. HP: 11/16 MP: 4/4
   311 | D:1      | Found a faded altar of an unknown god.
   373 | D:1      | Reached skill level 1 in Spellcasting
   478 | D:1      | Reached XP level 3. HP: 14/20 MP: 6/6
   725 | D:2      | Identified the +1 leather armour of Silazus {*Slow Regen+
                  | Dex+3 Slay+4}
  1257 | D:3      | Noticed a gnoll sergeant
  1263 | D:2      | HP: 1/20 [gnoll/+0 club[a gnoll sergeant] (4)]
  1265 | D:2      | Reached skill level 1 in Stealth
  1269 | D:2      | Reached XP level 4. HP: 14/25 MP: 7/7
  1434 | D:3      | Slain by a gnoll sergeant

Illustrated notes

Levels and vault maps discovered:
D:1:      giann_horns, layout_rooms, shapermc_ecumenical_altar_notcrosses,
          minmay_rat_gold_closets
D:2:      layout_rooms, grunt_decor_mini_mirrors, minmay_box_of_dots
D:3:      layout_rooms, chequers_serial_rivers_micro_c, uniq_ijyb

Skill      XL: |  1  2  3  4 |
---------------+-------------+-----
Fighting       | 1 |  1.6
Spellcasting   | 1 |  1.4
Stealth        | 1 |  1.3
Unarmed Combat | 3 |  3.0
Dodging        | 3 |  3.0
Armour         | |  0.9
Shapeshifting  | |  3.7

Action                     |  1- 3 |  4- 6 || total
---------------------------+-------+-------++-------
  Melee: Unarmed           |   124 |    20 ||   144
         Punch             |     3 |       ||     3
    Use: Scroll            |    10 |       ||    10
         Potion            |     1 |     1 ||     2
   Stab: Sleeping          |     3 |       ||     3
 Armour: Animal skin       |    49 |       ||    49
         Leather armour    |    15 |    13 ||    28
  Dodge: Dodged            |    76 |    10 ||    86

Table legend: (Time is in decaauts)
 A = Elapsed time spent in this place.
 B = Non-inter-level travel time spent in this place.
 C = Inter-level travel time spent in this place.
 D = Time resting spent in this place.
 E = Time spent auto-exploring this place.
 F = Levels seen in this place.
 G = Mean time per level.
                   A        B        C        D        E       F      G
               +--------+--------+--------+--------+--------+-----+--------+
         Total |   1429 |   1364 |     65 |     85 |    590 |   3 |  476.3 |
       Dungeon |   1429 |   1364 |     65 |     85 |    590 |   3 |  476.3 |
               +--------+--------+--------+--------+--------+-----+--------+

Top non-repeatable levels by time:
     D:1: 677 daAuts
     D:2: 632 daAuts
     D:3: 119 daAuts
